Map: Ultralove

Players

MOMO

  • Race: Terran Terran
  • League: Silver
  • Spawn Location: 1:00

llllllllllll - Winner!

  • Race: Protoss Protoss
  • League: Silver
  • Spawn Location: 7:00

VOD

Have the link to the VOD?

Description

Time

  • Played on: April 24, 2025, 10:11 a.m.
  • Length: 3:36
Show
View Real Time Build Order
Export as new Build Order

MOMO Terran 

Build Orders: Command Center First 

Get SALT Encoding   

  12  0:29  SCV  
  13  0:37  Supply Depot  
  13  0:41  SCV  
  14  0:53  SCV  
  15  1:05  SCV  
  15  1:07  Command Center  
  15  1:10  Refinery  
  16  1:17  SCV  
  17  1:22  Refinery  
  17  1:29  SCV  
  18  1:41  SCV  
  19  1:54  SCV  
  20  2:03  Barracks  
  20  2:06  SCV  
  21  2:18  SCV  
  20  2:44  Engineering Bay  
Show
View Real Time Build Order
Export as new Build Order

llllllllllll Protoss - Winner!

Build Orders:  

Get SALT Encoding   

  12  0:01  Probe  
  13  0:13  Probe  
  14  0:18  Pylon  
  14  0:25  Probe  
  15  0:38  Gateway  
  15  0:41  Assimilator  
  15  0:49  Pylon  
  15  1:08  Gateway  
  15  1:12  Gateway  
  15  1:28  Cybernetics Core  
  15  1:31  Probe  
  16  1:43  Probe  
  17  1:52  Stalker x2  
  21  2:18  Stalker x2  
  25  2:36  Shield Battery  
  25  2:39  Adept  
  27  2:47  Stalker  
  29  3:01  Probe  
  30  3:13  Probe  
Tags
 
Add a new tag
Caveats
  • Supply blocks, unpowered buildings, or Contaminate may cause inaccurate times.
  • Supply counts are checked every 10 seconds.